 Dungeon Crawl Stone Soup version 0.22-a0-284-g99d1f74 (webtiles) character file.

41 grindst0ne the Digger (level 3, -7/21 HPs)
             Began as an Octopode Earth Elementalist on Mar 21, 2018.
             Mangled by an ogre
             ... wielding a +0 giant club
              (28 damage)
             ... on level 2 of the Dungeon.
             The game lasted 00:04:12 (1125 turns).

grindst0ne the Digger (Octopode Earth Elementalist) Turns: 1125, Time: 00:04:13

Health: -7/21      AC:  1    Str:  7    XL:     3   Next: 52%
Magic:  1/6        EV: 13    Int: 18    God:
Gold:   52         SH:  0    Dex: 12    Spells: 0/6 levels left

rFire    . . .     SeeInvis .   g - +0 dagger (speed)
rCold    . . .     Gourm    .   (no shield)
rNeg     . . .     Faith    .   (helmet restricted)
rPois    .         Spirit   .   (no amulet)
rElec    .         Reflect  .   (no ring)
rCorr    .         Harm     .   (no ring)
MR       .....                  (no ring)
Stlth    +++.......             (no ring)
HPRegen  0.07/turn              (no ring)
MPRegen  0.10/turn              (no ring)
                                (no ring)
                                (no ring)

@: no status effects
A: almost no armour, stealthy swim, amphibious, 8 rings, constrict 8, camouflage
1, gelatinous body 1
a: no special abilities


You were on level 2 of the Dungeon.
You were not hungry.

You visited 1 branch of the dungeon, and saw 2 of its levels.

You collected 52 gold pieces.

Inventory:

Hand Weapons
 g - a +0 dagger of speed (weapon)
Missiles
 b - 3 stones (quivered)
Scrolls
 a - a scroll of magic mapping {unknown}
 e - a scroll of noise {unknown}
 h - a scroll of remove curse {unknown}
 i - a scroll of identify {unknown}
 j - a scroll of teleportation {unknown}
 k - a scroll of blinking {unknown}
Potions
 d - a potion of magic {unknown}
 l - a potion of lignification {unknown}
Comestibles
 c - 3 rations


   Skills:
 - Level 0.1 Fighting
 - Level 2.0 Dodging
 + Level 3.4 Stealth
 - Level 0.1 Unarmed Combat
 - Level 2.0 Spellcasting
 + Level 0.0 Conjurations
 - Level 1.0 Transmutations
 + Level 4.1 Earth Magic


You couldn't memorise any spells.
You knew the following spells:

 Your Spells              Type           Power        Failure   Level  Hunger
a - Sandblast             Erth           ###...       3%          1    #......
b - Passwall              Tmut/Erth      ##........   10%         2    ###....
c - Stone Arrow           Conj/Erth      #.....       22%         3    ###....


Dungeon Overview and Level Annotations

Branches:
Dungeon (2/15)

Altars:


Innate Abilities, Weirdness & Mutations

You cannot wear most types of armour.
You are very stealthy in the water. (Stealth+)
You are amphibious.
You can wear up to eight rings at the same time.
You can use your tentacles to constrict eight enemies at once.
Your skin changes colour to match your surroundings (Stealth+).
Your rubbery body absorbs attacks. (AC +1, EV +1)


Message History

Casting: Sandblast (safe; 3% risk of failure)
Confirm with . or Enter, or press ? or * to list all spells.
Aiming: Sandblast (safe; 3% risk of failure)
Press: ? - help, Shift-Dir - straight line, f/p - ogre
Aim: an ogre, wielding a giant club (severely wounded)
The blast of sand hits the ogre.
The ogre is severely wounded.
b - 4 stones The ogre misses you.
Casting: Sandblast (safe; 3% risk of failure)
Confirm with . or Enter, or press ? or * to list all spells.
Aiming: Sandblast (safe; 3% risk of failure)
Press: ? - help, Shift-Dir - straight line, f/p - ogre
Aim: an ogre, wielding a giant club (severely wounded)
The blast of sand hits the ogre.
The ogre is almost dead.
b - 3 stones The ogre hits you with a giant club!!
Ouch! That really hurt!
You die...

.. . .#. ... . ####.#
..##..... ...... ##
.....##.#####.....#>.
....................###
#####.O#####..........
#..@# ....... #...#.##
.... #.###..### ###.#
... ##...####...# #..#
#.........<## ..#
#.........## ..
#.........#
...#.######## .....#


You could see an ogre.

Vanquished Creatures
  2 leopard geckos (D:1)
  A giant cockroach (D:1)
  6 goblins (D:1)
  4 hobgoblins (D:1)
  5 jackals (D:1)
  A ball python (D:1)
  6 bats (D:1)
  2 frilled lizards (D:1)
  6 kobolds (D:1)
  2 rats (D:1)
35 creatures vanquished.

Notes
Turn   | Place    | Note
-------+----------+-------------------------------------------
     0 | D:1      | grindst0ne the Octopode Earth Elementalist began the quest for the Orb.
     0 | D:1      | Reached XP level 1. HP: 11/11 MP: 3/3
   102 | D:1      | Reached XP level 2. HP: 12/17 MP: 3/5
   452 | D:1      | Reached XP level 3. HP: 21/21 MP: 3/6
   600 | D:1      | Reached skill level 4 in Earth Magic
   860 | D:1      | Learned a level 2 spell: Passwall
   864 | D:1      | Learned a level 3 spell: Stone Arrow
  1102 | D:2      | Noticed an ogre
  1125 | D:2      | Mangled by an ogre

Vault maps used:
D:1:      evilmike_arrival_home_sweet_home, minmay_tetromino_o2
D:2:      minivault_5

Skill      XL: |  1  2  3 |
---------------+----------+-----
Stealth        | 3 |  3.4
Earth Magic    | 4 |  4.1
Fighting       | |  0.1
Dodging        | |  2.0
Unarmed Combat | |  0.1
Spellcasting   | |  2.0
Transmutations | |  1.0

Action                   || total
-------------------------++-------
Melee: Unarmed           ||     5
       Tentacles         ||     4
       Dagger            ||    14
       Constrict         ||     2
 Cast: Sandblast         ||    48
 Stab: Sleeping          ||     1
  Eat: Chunk             ||     1
Armor: Skin              ||     2
Dodge: Dodged            ||    18

Table legend:
 A = Spawn XP
 B = Non-spawn XP
 C = Spawn XP percentage of total XP
 D = Spawn monster count
 E = Non-spawn monster count
 F = Spawn count percentage of total count
 G = Total turns spent on level
                    A         B        C        D         E        F      G
               +---------+---------+-------+---------+---------+-------+---------
         Total |       0 |      59 |   0.0 |       0 |      35 |   0.0 |  1125
               +---------+---------+-------+---------+---------+-------+---------
           D:1 |       0 |      59 |   0.0 |       0 |      35 |   0.0 |  1101
               +---------+---------+-------+---------+---------+-------+---------
